 Dungeon Crawl Stone Soup version 0.26-a0-651-gb41185065b (webtiles) character file.

Game seed: 16361913217737757763

2 Flugslaktarn the Shield-Bearer (level 1, 20/20 HPs)
             Began as a Deep Dwarf Fighter on Oct 6, 2020.
             Quit the game on level 1 of the Dungeon.
             The game lasted 00:00:10 (185 turns).

Flugslaktarn the Shield-Bearer (Deep Dwarf Fighter)  Turns: 185, Time: 00:00:11

Health: 20/20      AC:  6    Str: 19    XL:     1   Next: 25%
Magic:  1/1        EV:  7    Int:  8    God:
Gold:   29         SH:  9    Dex: 12    Spells: 0/0 levels left

rFire    . . .     SeeInvis .   a - +0 war axe
rCold    . . .     Faith    .   c - +0 kite shield
rNeg     . . .     Spirit   .   b - +0 scale mail
rPois    .         Reflect  .   (no helmet)
rElec    .         Harm     .   (no cloak)
rCorr    .         Rampage  .   (no gloves)
MR       .....                  (no boots)
Stlth    ..........             f - amulet of inaccuracy (curse)
HPRegen  0.00/turn              (no ring)
MPRegen  0.07/turn              (no ring)

@: non-regenerating
A: damage resistance, heal wounds, sense surroundings 1, no regeneration
a: Heal Wounds


You were on level 1 of the Dungeon.
You visited 1 branch of the dungeon, and saw 1 of its levels.

You collected 29 gold pieces.

Inventory:

Hand Weapons
 a - a +0 war axe (weapon)
Armour
 b - a +0 scale mail (worn)
 c - a +0 kite shield (worn)
Jewellery
 f - a cursed amulet of inaccuracy (around neck)
   (You found it on level 1 of the Dungeon)
Potions
 d - a potion of might
 e - 2 potions of degeneration
 h - a potion of flight {unknown}


   Skills:
 * Level 2.7 Fighting
 * Level 2.2 Axes
 + Level 3.3 Armour
 + Level 3.3 Shields


You couldn't memorise any spells.
You didn't know any spells.
Your spell library was empty.

Dungeon Overview and Level Annotations

Branches:
Dungeon (1/15)

Altars:


Innate Abilities, Weirdness & Mutations

You are resistant to damage.
You can heal yourself by infusing magical energy.
You passively map a small area around you.
You do not regenerate.


Message History

You finish putting on your uncursed amulet of magic regeneration.
h - an amulet of magic regeneration (around neck)
You start removing your amulet.
You continue taking off your amulet of magic regeneration. x4
You finish taking off your amulet of magic regeneration.
You start putting on your amulet.
You continue putting on your triangular copper amulet. x5
You finish putting on your cursed amulet of inaccuracy.
Oops, that amulet feels deathly cold.
f - a cursed amulet of inaccuracy (around neck) Drop what? 8/52 slots (_ for help) (? for menu, Esc to quit)
You drop an uncursed amulet of magic regeneration.
You now have 10 gold pieces.
Found a dagger.
You now have 29 gold pieces (gained 19).
h - a glowing inky potion
As you read the scroll labeled QAWUAKH FISH, it crumbles to dust.
It is a scroll of identify.
e - 2 potions of degeneration Are you sure you want to abandon this character and quit the game? (Confirm with "yes".)

, #.######.........
#.######.≈≈≈≈≈≈≈≈
#.##.....≈.......
###.##..≈≈.≈.≈≈....
#####.......≈..≈<.≈....
.#.......###.≈..≈≈.≈.≈≈.
.............≈.....≈.>≈.
*
##.###...###.≈.....≈≈.≈.
* * #, #.@.#
#.≈........≈. * ,,
.............≈≈≈≈≈≈≈≈≈≈.
,
...#####................
# *###########.....
###### *


There were no monsters in sight!

Vanquished Creatures
  A bat (D:1)
  2 rats (D:1)
3 creatures vanquished.

Notes
Turn   | Place    | Note
-------+----------+-------------------------------------------
     0 | D:1      | Flugslaktarn the Deep Dwarf Fighter began the quest for the
                  | Orb.
     0 | D:1      | Reached XP level 1. HP: 20/20 MP: 1/1
   185 | D:1      | Quit the game

Illustrated notes

Levels and vault maps discovered:
D:1:      ebering_trefoil_twist, layout_loops_ring

Action                   || total
-------------------------++-------
Melee: War axe           ||    12
  Use: Scroll            ||     1
Armor: Scale mail        ||    16
Dodge: Dodged            ||     1
Block: Kite shield       ||     8

Table legend: (Time is in decaauts)
 A = Elapsed time spent in this place.
 B = Non-inter-level travel time spent in this place.
 C = Inter-level travel time spent in this place.
 D = Time resting spent in this place.
 E = Time spent auto-exploring this place.
 F = Levels seen in this place.
 G = Mean time per level.
                   A        B        C        D        E       F      G
               +--------+--------+--------+--------+--------+-----+--------+
         Total |    190 |    190 |      0 |      0 |    125 |   1 |  190.0 |
       Dungeon |    190 |    190 |      0 |      0 |    125 |   1 |  190.0 |
               +--------+--------+--------+--------+--------+-----+--------+

Top non-repeatable levels by time:
     D:1: 190 daAuts
